 Dungeon Crawl Stone Soup version 0.28-a0-683-ga8797d1ae1 (webtiles) character file.

Game seed: 12917093273153216096

77864 Woods the Thaumaturge (level 15, -10/125 HPs)
             Began as a Gnoll Ice Elementalist on Oct 18, 2021.
             Was an Elder of Ashenzari.
             Mangled by an orc warlord (54 damage)
             ... on level 1 of the Orcish Mines.
             The game lasted 01:24:26 (30493 turns).

Woods the Thaumaturge (Gnoll Ice Elementalist)     Turns: 30493, Time: 01:24:27

Health: -10/125    AC: 11    Str: 13    XL:     15   Next: 58%
Magic:  9/33       EV: 20    Int: 20    God:    Ashenzari [****..]
Gold:   2033       SH: 14    Dex: 20    Spells: 6/43 levels left

rFire   + + .      SeeInvis +   i - +3 long sword (freeze)
rCold   + . .      Faith    .   S - +0 kite shield "Share My Urgency" {Comp, Bglg} (curse)
rNeg    . . .      Spirit   .   a - +0 robe of Curses and Power {Fort, Comp} (curse)
rPois   .          Reflect  .   n - +1 helmet of Toth-Mos's Legacy {rC+ Will++, Melee, Elem} (curse)
rElec   .          Harm     .   u - +0 cloak "Cryptic Inconvenience" {Comp, Range} (curse)
rCorr   .          Rampage  .   v - +0 pair of gloves "Liberalism of Ashenzari" {Fort, Self} (curse)
Will    +++..      Clarity  +   b - +1 pair of boots
Stlth   ++++++....              G - amulet "Secrets of Ashenzari" {RegenMP rF++ Regen+ Stlth+, Elem, Self} (curse)
HPRegen 1.30/turn               j - ring "Manifest Incredulity" {Dex+6, Comp, Melee} (curse)
MPRegen 0.48/turn               R - +6 ring of strength

@: forested
A: fangs 1, strong nose, distributed training
a: Renounce Religion, Curse Item, Shatter the Chains


You were on level 1 of the Orcish Mines.
You worshipped Ashenzari.
Ashenzari was greatly pleased with you.
You visited 4 branches of the dungeon, and saw 24 of its levels.
You also visited: Bailey.

You collected 2033 gold pieces.

Inventory:

Hand Weapons
 g - a +2 hunting sling of freezing
 i - a +3 long sword of freezing (weapon)
 s - a +0 mace
Missiles
 o - a throwing net
 y - 107 sling bullets
 L - 18 curare-tipped darts
 M - 71 poisoned darts
Armour
 a - the cursed +0 robe of Curses and Power (worn) {Fort, Comp}

   It has a curse which improves the following skills: Fortitude: Armour and
   Shields.
   Companions: Summonings and Necromancy.
 b - a +1 pair of boots (worn)
 n - the cursed +1 helmet of Toth-Mos's Legacy (worn) {rC+ Will++, Melee, Elem}
   (You acquired it on level 5 of the Dungeon)

   rC:        It protects you from cold.
   Will:      It greatly increases your willpower.
   It has a curse which improves the following skills: Melee Combat: Short
   Blades, Long Blades, Axes, Maces & Flails, Polearms, Staves and Unarmed
   Combat.
   Elements:  Fire Magic, Ice Magic, Air Magic and Earth Magic.
 u - the cursed +0 cloak "Cryptic Inconvenience" (worn) {Comp, Range}
   (You found it on level 5 of the Dungeon)

   It has a curse which improves the following skills: Companions: Summonings
   and Necromancy.
   Ranged Combat: Slings, Bows, Crossbows and Throwing.
 v - the cursed +0 pair of gloves "Liberalism of Ashenzari" (worn) {Fort, Self}
   (You found it on level 6 of the Dungeon)

   It has a curse which improves the following skills: Fortitude: Armour and
   Shields.
   Introspection: Fighting and Spellcasting.
 H - +0 steam dragon scales
 S - the cursed +0 kite shield "Share My Urgency" (worn) {Comp, Bglg}
   (You found it on level 5 of the Lair of Beasts)

   It has a curse which improves the following skills: Companions: Summonings
   and Necromancy.
   Beguiling: Conjurations, Hexes and Translocations.
 U - a +0 hat of see invisible
Magical Staves
 Z - a staff of death
Jewellery
 j - the cursed ring "Manifest Incredulity" (left hand) {Dex+6, Comp, Melee}
   (You found it on level 2 of the Dungeon)

   [ring of dexterity]

   Dex:       It affects your dexterity (+6).
   It has a curse which improves the following skills: Companions: Summonings
   and Necromancy.
   Melee Combat: Short Blades, Long Blades, Axes, Maces & Flails, Polearms,
   Staves and Unarmed Combat.
 D - a ring of willpower
 G - the cursed amulet "Secrets of Ashenzari" (around neck) {RegenMP rF++ Regen+ Stlth+, Elem, Self}
   (You found it on level 10 of the Dungeon)

   [amulet of magic regeneration]

   It increases your rate of magic regeneration.
   rF:        It greatly protects you from fire.
   Regen:     It increases your rate of health regeneration.
   Stlth:     It makes you more stealthy.
   It has a curse which improves the following skills: Elements: Fire Magic, Ice
   Magic, Air Magic and Earth Magic.
   Introspection: Fighting and Spellcasting.
 R - a +6 ring of strength (right hand)
Wands
 r - a wand of flame (85)
 x - a wand of polymorph (13)
 C - a wand of paralysis (22)
 K - a wand of mindburst (12)
 P - a wand of iceblast (6)
 Q - a wand of charming (16)
Scrolls
 c - 5 scrolls of magic mapping
 e - 3 scrolls of fear
 h - 4 scrolls of vulnerability
 k - a scroll of blinking
 w - 4 scrolls of enchant weapon
 A - a scroll of enchant armour
 B - a scroll of holy word
 E - 2 scrolls of amnesia
 I - 2 scrolls of fog
 N - 7 scrolls of teleportation
 O - 2 scrolls of summoning
 V - a scroll of silence
 W - a scroll of brand weapon
Potions
 d - 6 potions of flight
 f - 4 potions of heal wounds
 l - 9 potions of curing
 m - a potion of invisibility
 p - 3 potions of berserk rage
 q - a potion of cancellation
 t - 3 potions of lignification
 z - 3 potions of might
 J - 2 potions of ambrosia
 T - a potion of resistance
 X - 2 potions of magic
Miscellaneous
 F - a piece from Xom's chessboard (15/15)
 Y - a phial of floods


   Skills:
 + Level 10.2(13.8) Fighting
 + Level 10.2(13.8) Short Blades
 + Level 10.2(13.8) Long Blades
 + Level 10.2(13.8) Axes
 + Level 10.2(13.8) Maces & Flails
 + Level 10.2(13.8) Polearms
 + Level 10.2(13.8) Staves
 + Level 10.2(12.5) Slings
 + Level 10.2(12.5) Bows
 + Level 10.2(12.5) Crossbows
 + Level 10.2(12.5) Throwing
 + Level 10.2(13.8) Armour
 + Level 11.2 Dodging
 + Level 11.0 Stealth
 + Level 10.2(13.8) Shields
 + Level 10.2(13.8) Unarmed Combat
 + Level 11.3(14.9) Spellcasting
 + Level 8.5(10.9) Conjurations
 + Level 8.5(10.9) Hexes
 + Level 8.5(14.2) Summonings
 + Level 8.5(14.2) Necromancy
 + Level 8.5(10.9) Translocations
 + Level 8.5 Transmutations
 + Level 8.5(12.1) Fire Magic
 + Level 11.1(14.7) Ice Magic
 + Level 8.5(12.1) Air Magic
 + Level 8.5(12.1) Earth Magic
 + Level 8.5 Poison Magic
 + Level 11.1 Invocations
 + Level 10.2 Evocations


You had 6 spell levels left.
You knew the following spells:

 Your Spells              Type           Power      Damage    Failure   Level
a - Freeze                Ice            100%       1d11      0%          1
b - Frozen Ramparts       Ice            100%       1d12      1%          3
c - Ozocubu's Armour      Ice            65%        N/A       1%          3
d - Hailstorm             Conj/Ice       60%        3d13      1%          4
e - Summon Forest         Summ/Tloc      30%        N/A       1%          5
f - Summon Mana Viper     Hex/Summ       60%        N/A       1%          5
g - Summon Cactus Giant   Summ           32%        N/A       1%          6
h - Eringya's Noxious Bo  Tmut/Pois      24%        N/A       22%         6
i - Dispel Undead         Necr           64%        3d22      1%          4

Your spell library contained the following spells:

 Spells                   Type           Power      Damage    Failure   Level
 Pain                     Necr           100%       1d9       0%          1
 Corpse Rot               Necr/Air       100%       N/A       1%          2
 Poisonous Vapours        Pois/Air       100%       N/A       1%          2
 Slow                     Hex            55%        N/A       1%          2
 Static Discharge         Conj/Air       57%        N/A       1%          2
 Confusing Touch          Hex            55%        N/A       1%          3
 Animate Armour           Summ/Erth      100%       N/A       1%          4
 Sticky Flame             Conj/Fire      57%        2d7       1%          4
 Agony                    Necr           64%        N/A       1%          5
 Borgnjor's Vile Clutch   Necr/Erth      30%        N/A       1%          5
 Excruciating Wounds      Necr           32%        N/A       1%          5
 Yara's Violent Unravell  Hex/Tmut       26%        3d11      2%          5
 Alistair's Intoxication  Tmut/Pois      32%        N/A       4%          5
 Blade Hands              Tmut           24%        N/A       4%          5
 Iron Shot                Conj/Erth      28%        9d6       6%          6


Dungeon Overview and Level Annotations

Branches:
Dungeon (15/15)            Temple (1/1) D:4            Lair (6/6) D:8
 Shoals (0/4) Lair:2       Spider (0/4) Lair:2          Orc (2/2) D:9
 Vaults (0/5) D:14         Depths (0/4) D:15         Bailey (visited)
  Slime: Lair:5-6       Elf: Orc:2

Altars:
Ashenzari
Cheibriados
Dithmenos
Elyvilon
Fedhas
Gozag
Hepliaklqana
Kikubaaqudgha
Makhleb
Nemelex Xobeh
Okawaru
Qazlal
Ru
Sif Muna
Trog
Uskayaw
Vehumet
Wu Jian
Xom
Yredelemnul
Zin
The Shining One
Beogh
Jiyva
Lugonu

Shops:
D:1 ?   D:15 [

Portals:
Trove: D:12 (give +3 storm dragon scales)

Annotations:
D:3 1 runed translucent door, Xenoroth's ghost, amateur MiMo
D:14 2 transporters
Lair:4 3 runed translucent doors, Ucinyis's ghost, journeyman MfBe
Orc:2 Sonja


Innate Abilities, Weirdness & Mutations

You have very sharp teeth.
Your uncanny sense of smell can sniff out nearby items.
Your experience applies equally to all skills.


Message History

Okay, then.
Your icy armour will break if you move.
Continue?
Branches wave dangerously above you.
A root smacks the orc knight from below!
The fungus is hit by a branch!
A root smacks the troll from below!
A root smacks the orc sorcerer from below.
The orc sorcerer dies!
A nearby fungus withers and dies.
The orc knight barely misses you.
Your dryad draws upon the vitality of nature.
Your dryad is healed somewhat.
You climb upwards.
Your summoned allies are left behind.
Your icy armour cracks and falls away as you move.
There is a stone staircase leading down here.
Casting: Summon Mana Viper (mildly dangerous; 1% risk of failure)
Confirm with . or Enter, or press ? or * to list all spells.
The orc warlord completely misses you.
Casting: Summon Cactus Giant (dangerous; 1% risk of failure)
Confirm with . or Enter, or press ? or * to list all spells.
You can only summon one forest at a time.
Unknown command.
Casting: Summon Forest (mildly dangerous; 1% risk of failure)
Confirm with . or Enter, or press ? or * to list all spells.
You can only summon one forest at a time.
Casting: Summon Forest (mildly dangerous; 1% risk of failure)
Confirm with . or Enter, or press ? or * to list all spells.
A mana viper appears with a sibilant hiss.
You block the orc warlord's attack.
You swap places.
The orc warlord unwields a +1 battleaxe of freezing.
The orc warlord wields a +0 arbalest.
The orc warlord shoots a bolt.
The bolt hits your cactus giant!!
Your cactus giant hits the orc warlord with a +0 giant spiked club!!
The orc warlord shoots a bolt.
The bolt barely misses your cactus giant.
The bolt hits you!!
The orc warlord unwields a +0 arbalest.
The orc warlord wields a +1 battleaxe of freezing.
It glows with a cold blue light!
The orc warlord hits you with a +1 battleaxe of freezing!!!
You die...

#####.###..........##
##.#..>#............#
#<...............#.##
#...#............###
...#.#.............##
#.#.........).......#
##...............#.##
##..........[.o#.##
###.........SC@..#
#..............#
##......#.....##
###.#.........##
###......#...#
###........##
##.........##
#.........##
##.##....##


You could see an orc warlord (strong, ally target), a friendly mana viper
(summoned) and a friendly cactus giant (summoned).

Vanquished Creatures
  Gastronok (D:12)
  A fire dragon (D:13)
  A boulder beetle (D:15)
  2 hydras (Lair:2)
  A catoblepas (D:13)
  A centaur warrior (D:13)
  An alligator (shapeshifter) (D:15)
  2 two-headed ogres (D:13)
  A tengu warrior (D:15)
  2 death yaks (Lair:5)
  Nergalle (D:12)
  A fire crab (Lair:5)
  3 skeletal warriors (D:15)
  A shadow wraith (D:14)
  Pikel (D:5)
  A wizard (D:14)
  A lindwurm (Lair:2)
  2 ugly things (D:13)
  A deep elf pyromancer (D:13)
  An orc sorcerer (Orc:1)
  3 nameless horrors (Lair:2)
  4 cyclopes
  A manticore (D:14)
  2 black mambas
  A guardian serpent (shapeshifter) (D:14)
  A gargoyle (D:12)
  A rime drake (Lair:1)
  A freezing wraith (D:12)
  12 cane toads
  A kobold demonologist (D:11)
  An efreet (D:14)
  3 komodo dragons
  3 trolls
  2 jumping spiders (Lair:2)
  A polar bear (Lair:5)
  4 blink frogs (Lair:5)
  Grinder (D:5)
  A snapping turtle (Lair:2)
  A dream sheep (Lair:4)
  A slime creature (D:15)
  A tarantella (shapeshifter) (D:13)
  Sigmund (D:6)
  A vampire (D:10)
  3 redbacks (Lair:2)
  A shadow (D:11)
  4 wyverns
  4 basilisks
  A hog (shapeshifter) (D:14)
  29 yaks
  6 vampire mosquitoes
  2 steam dragons
  Menkaure (D:7)
  An acid dragon (D:8)
  Duvessa (D:7)
  12 water moccasins
  10 orc warriors
  2 sky beasts
  6 black bears
  An ogre (D:6)
  3 necrophages
  A centaur (D:8)
  11 wolves
  A boggart (D:13)
  25 kobold brigands
  A gnoll sergeant (D:11)
  8 bullfrogs
  5 scorpions
  Dowan (D:7)
  5 wights
  7 howler monkeys
  2 centaur zombies
  A bullfrog zombie (D:6)
  2 hounds (D:5)
  Crazy Yiuf (D:6)
  A centaur skeleton (D:4)
  5 orc priests
  3 iguanas
  12 orc wizards
  Natasha (twice) (D:3)
  2 killer bee zombies
  2 hound zombies
  2 howler monkey zombies
  8 gnolls
  7 adders
  A shadow imp (D:8)
  2 white imps
  2 ufetubi
  An adder skeleton (D:4)
  4 worms
  50 orcs
  6 endoplasms
  3 giant cockroaches
  4 hobgoblins
  26 kobolds
  5 quokkas
  2 ball pythons
  6 bats
  5 frilled lizards
  11 goblins
  4 rats
408 creatures vanquished.

Vanquished Creatures (collateral kills)
  A stone giant (D:15)
  5 boulder beetles
  9 hydras
  An ogre mage (D:13)
  2 centaur warriors (D:13)
  2 death knights
  3 tengu warriors
  2 two-headed ogres
  A death yak (Lair:5)
  The ghost of rogsnak the Thaumaturge, a novice GnWz of Sif Muna (D:9)
  2 skeletal warriors (D:15)
  A nameless horror (D:12)
  A deep elf archer (D:13)
  A phantasmal warrior (D:12)
  An orc knight (D:14)
  6 ugly things
  2 cyclopes (D:14)
  A wolf spider (D:13)
  An orc sorcerer (Orc:2)
  Joseph (D:7)
  A gargoyle (D:12)
  2 cane toads
  An unseen horror (D:13)
  A tengu conjurer (D:13)
  3 freezing wraiths (D:13)
  An efreet (D:13)
  A jumping spider (Lair:2)
  A jumping spider (shapeshifter) (D:13)
  4 trolls
  5 slime creatures
  8 blink frogs (Lair:5)
  A centaur simulacrum (D:13)
  4 redbacks (Lair:2)
  3 vampires (D:12)
  3 wraiths
  6 yaks
  A shadow (D:12)
  2 wyverns
  A hog (shapeshifter) (D:14)
  9 vampire mosquitoes
  2 wargs (D:14)
  An acid dragon (D:13)
  2 water moccasins
  2 orc warriors
  An ogre (Orc:1)
  5 necrophages (Lair:3)
  12 wolves
  7 centaurs
  2 bullfrogs
  A gnoll sergeant (D:13)
  An orc priest (Orc:2)
  A centaur skeleton (D:7)
  3 orc wizards
  5 gnolls (D:13)
  9 orcs
156 creatures vanquished.

Vanquished Creatures (others)
  A bush (Lair:2)
  36 fungi
  36 plants
  5 snaplasher vines
  4 toadstools (D:9)
82 creatures vanquished.

Grand Total: 646 creatures vanquished

Notes
Turn   | Place    | Note
-------+----------+-------------------------------------------
     0 | D:1      | Woods the Gnoll Ice Elementalist began the quest for the
                  | Orb.
     0 | D:1      | Reached XP level 1. HP: 13/13 MP: 6/6
    99 | D:1      | Found Jisan's Magic Scroll Shop.
   521 | D:1      | Reached XP level 2. HP: 18/19 MP: 3/7
  1371 | D:2      | Reached skill level 5 in Spellcasting
  1371 | D:2      | Reached XP level 3. HP: 12/25 MP: 2/9
  1685 | D:2      | Learned a level 3 spell: Frozen Ramparts
  1708 | D:2      | Learned a level 3 spell: Ozocubu's Armour
  1929 | D:2      | Found a faded altar of an unknown god.
  1936 | D:2      | Reached skill level 1 in Invocations
  2244 | D:2      | Reached skill level 1 in Fighting
  2244 | D:2      | Reached skill level 1 in Short Blades
  2244 | D:2      | Reached skill level 1 in Long Blades
  2244 | D:2      | Reached skill level 1 in Axes
  2244 | D:2      | Reached skill level 1 in Maces & Flails
  2244 | D:2      | Reached skill level 1 in Polearms
  2244 | D:2      | Reached skill level 1 in Staves
  2244 | D:2      | Reached skill level 1 in Slings
  2244 | D:2      | Reached skill level 1 in Bows
  2244 | D:2      | Reached skill level 1 in Crossbows
  2244 | D:2      | Reached skill level 1 in Throwing
  2244 | D:2      | Reached skill level 1 in Armour
  2244 | D:2      | Reached skill level 1 in Shields
  2244 | D:2      | Reached skill level 1 in Unarmed Combat
  2244 | D:2      | Reached skill level 1 in Evocations
  2251 | D:2      | Reached XP level 4. HP: 32/32 MP: 3/11
  2798 | D:3      | Reached skill level 1 in Conjurations
  2798 | D:3      | Reached skill level 1 in Hexes
  2798 | D:3      | Reached skill level 1 in Summonings
  2798 | D:3      | Reached skill level 1 in Necromancy
  2798 | D:3      | Reached skill level 1 in Translocations
  2798 | D:3      | Reached skill level 1 in Transmutations
  2798 | D:3      | Reached skill level 1 in Fire Magic
  2798 | D:3      | Reached skill level 1 in Air Magic
  2798 | D:3      | Reached skill level 1 in Earth Magic
  2798 | D:3      | Reached skill level 1 in Poison Magic
  2877 | D:3      | Found a sacrificial altar of Ru.
  2903 | D:3      | Found a runed translucent door.
  3216 | D:3      | Reached XP level 5. HP: 30/37 MP: 6/12
  3275 | D:3      | Found a shimmering blue altar of Sif Muna.
  3300 | D:3      | Noticed Natasha
  3308 | D:3      | Killed Natasha
  3666 | D:3      | Noticed Natasha
  3675 | D:3      | Killed Natasha
  3888 | D:3      | Noticed Xenoroth's ghost (amateur MiMo)
  3904 | D:4      | Noticed an orc warrior
  3917 | D:3      | Reached XP level 6. HP: 31/44 MP: 8/13
  3992 | D:4      | Found an ancient bone altar of Kikubaaqudgha.
  4198 | D:4      | Reached skill level 5 in Dodging
  4618 | D:4      | Learned a level 4 spell: Hailstorm
  4797 | D:4      | Found a staircase to the Ecumenical Temple.
  4810 | Temple   | Entered the Ecumenical Temple
  4878 | Temple   | Became a worshipper of Ashenzari the Shackled
  4878 | Temple   | Identified a scroll of acquirement
  4937 | D:4      | Found a shadowy altar of Dithmenos.
  5154 | D:4      | Found a sparkling altar of Nemelex Xobeh.
  5154 | D:4      | Found an opulent altar of Gozag.
  5247 | D:4      | Killed an orc warrior
  5248 | D:4      | Reached XP level 7. HP: 33/50 MP: 2/15
  5513 | D:5      | Entered Level 5 of the Dungeon
  5530 | D:5      | Found a radiant altar of Vehumet.
  5712 | D:5      | Found a glowing golden altar of the Shining One.
  5946 | D:5      | Found a basalt altar of Yredelemnul.
  5954 | D:5      | Noticed Grinder
  5969 | D:5      | Paralysed by Grinder for 5 turns
  5975 | D:5      | Paralysed by Grinder for 6 turns
  5991 | D:5      | Paralysed by Grinder for 4 turns
  6003 | D:5      | Paralysed by Grinder for 6 turns
  6182 | D:5      | Acquired the +1 helmet of Light {rC+ Will++}
  6225 | D:5      | Reached skill level 5 in Stealth
  6314 | D:5      | Noticed Pikel
  6349 | D:5      | Killed Pikel
  6350 | D:5      | Reached XP level 8. HP: 53/58 MP: 1/17
  6473 | D:5      | Found a burning altar of Makhleb.
  6564 | D:5      | Killed Grinder
  6739 | D:5      | Found a glowing silver altar of Zin.
  7036 | D:5      | Learned a level 5 spell: Summon Forest
  7161 | D:6      | Reached XP level 9. HP: 31/65 MP: 9/18
  8362 | D:6      | Noticed Sigmund
  9290 | D:6      | Killed Sigmund
  9874 | D:6      | Found a runed translucent door.
  9875 | D:6      | Noticed Crazy Yiuf
  9883 | D:6      | Killed Crazy Yiuf
 10238 | D:7      | Noticed Menkaure
 10246 | D:7      | Killed Menkaure
 10247 | D:7      | Reached skill level 5 in Invocations
 10621 | D:7      | Noticed Joseph
 10636 | D:7      | Killed Joseph
 11011 | D:7      | Reached XP level 10. HP: 73/73 MP: 13/20
 11071 | D:7      | Noticed Duvessa
 11072 | D:7      | Noticed Dowan
 11087 | D:7      | Killed Duvessa
 11090 | D:7      | Killed Dowan
 11683 | D:8      | Noticed a skeletal warrior
 11697 | D:8      | Reached skill level 5 in Fighting
 11697 | D:8      | Reached skill level 5 in Short Blades
 11697 | D:8      | Reached skill level 5 in Long Blades
 11697 | D:8      | Reached skill level 5 in Axes
 11697 | D:8      | Reached skill level 5 in Maces & Flails
 11697 | D:8      | Reached skill level 5 in Polearms
 11697 | D:8      | Reached skill level 5 in Staves
 11697 | D:8      | Reached skill level 5 in Slings
 11697 | D:8      | Reached skill level 5 in Bows
 11697 | D:8      | Reached skill level 5 in Crossbows
 11697 | D:8      | Reached skill level 5 in Throwing
 11697 | D:8      | Reached skill level 5 in Armour
 11697 | D:8      | Reached skill level 5 in Shields
 11697 | D:8      | Reached skill level 5 in Unarmed Combat
 11697 | D:8      | Reached skill level 5 in Evocations
 11697 | D:8      | Noticed a skeletal warrior
 12221 | D:8      | Found an ornate altar of the Wu Jian Council.
 12665 | D:8      | Found a staircase to the Lair.
 13191 | D:8      | Reached * piety under Ashenzari
 14016 | D:9      | Reached ** piety under Ashenzari
 14449 | D:9      | Found a staircase to the Orcish Mines.
 14635 | D:9      | Found a runed translucent door.
 14636 | D:9      | Noticed rogsnak's ghost (novice GnWz)
 14864 | D:9      | Learned a level 5 spell: Summon Mana Viper
 14912 | D:10     | Entered Level 10 of the Dungeon
 15154 | D:10     | Reached XP level 11. HP: 76/81 MP: 8/22
 15183 | D:10     | Found a flagged portal.
 15195 | Bailey   | Entered a bailey
 15195 | Bailey   | Noticed an orc knight
 15195 | Bailey   | Noticed an orc knight
 15475 | D:10     | Reached skill level 5 in Conjurations
 15475 | D:10     | Reached skill level 5 in Hexes
 15475 | D:10     | Reached skill level 5 in Summonings
 15475 | D:10     | Reached skill level 5 in Necromancy
 15475 | D:10     | Reached skill level 5 in Translocations
 15475 | D:10     | Reached skill level 5 in Transmutations
 15475 | D:10     | Reached skill level 5 in Fire Magic
 15475 | D:10     | Reached skill level 5 in Air Magic
 15475 | D:10     | Reached skill level 5 in Earth Magic
 15475 | D:10     | Reached skill level 5 in Poison Magic
 15559 | D:10     | Identified the amulet of Ilontek {RegenMP rF++ Regen+
                  | Stlth+}
 15820 | D:10     | Found a hazy altar of Hepliaklqana.
 16349 | D:11     | Reached *** piety under Ashenzari
 16514 | D:11     | Noticed a purple ugly thing
 17031 | Lair:1   | Entered Level 1 of the Lair of Beasts
 17235 | Lair:1   | Reached XP level 12. HP: 75/94 MP: 6/26
 17346 | Lair:1   | Learned a level 6 spell: Summon Cactus Giant
 17725 | Lair:1   | Noticed a seven-headed hydra
 17732 | Lair:1   | Killed a seven-headed hydra
 18175 | Lair:1   | Reached **** piety under Ashenzari
 18560 | Lair:2   | Noticed a five-headed hydra
 18764 | Lair:2   | Killed a five-headed hydra
 19019 | Lair:2   | Found a hole to the Spider Nest.
 20412 | Lair:2   | Noticed an eight-headed hydra
 20432 | Lair:2   | Killed an eight-headed hydra
 20661 | Lair:2   | Found a staircase to the Shoals.
 21467 | Lair:3   | Reached XP level 13. HP: 103/103 MP: 25/28
 22464 | Lair:4   | Found a runed translucent gate.
 22464 | Lair:4   | Found a runed translucent gate.
 22464 | Lair:4   | Found a runed translucent gate.
 22465 | Lair:4   | Noticed Ucinyis's ghost (journeyman MfBe)
 23078 | Lair:5   | Reached skill level 10 in Ice Magic
 23752 | Lair:5   | Reached skill level 10 in Spellcasting
 24183 | Lair:6   | Entered Level 6 of the Lair of Beasts
 24390 | Orc:1    | Entered Level 1 of the Orcish Mines
 24570 | Orc:2    | Entered Level 2 of the Orcish Mines
 24614 | Orc:2    | Noticed an orc warlord
 24870 | D:9      | Killed rogsnak's ghost
 25033 | D:12     | Reached skill level 10 in Dodging
 25033 | D:12     | Reached XP level 14. HP: 69/111 MP: 19/30
 25332 | D:12     | Found a portal to a secret trove of treasure.
 25337 | D:12     | Noticed Nergalle
 25370 | D:12     | Killed Nergalle
 25500 | D:12     | Noticed Gastronok
 25615 | D:12     | Killed Gastronok
 25616 | D:12     | Reached skill level 10 in Stealth
 25999 | D:12     | Found the +8 Vampire's Tooth {vamp}
 26081 | D:13     | Upgraded the game from 0.28-a0-674-gdaf460b524 to
                  | 0.28-a0-683-ga8797d1ae1
 26390 | D:13     | Learned a level 6 spell: Eringya's Noxious Bog
 26409 | D:13     | HP: 5/116 [freezing wraith[a death knight] (2)]
 26612 | D:13     | Reached skill level 10 in Invocations
 26900 | D:13     | Learned a level 4 spell: Dispel Undead
 26902 | D:13     | Identified the +5 chain mail of Nihilism {SInv}
 27490 | D:13     | Reached XP level 15. HP: 68/124 MP: 8/33
 27878 | D:13     | Identified the +4 hunting sling of Abro {venom, Int+4 SInv}
 28437 | D:14     | Found a gate to the Vaults.
 28535 | D:14     | Found an opulent altar of Gozag.
 29116 | D:14     | Found a transporter.
 29117 | D:14     | Found a transporter.
 29118 | D:14     | Found a viscous altar of Jiyva.
 29144 | D:15     | Entered Level 15 of the Dungeon
 29248 | D:15     | Found a sparkling altar of Nemelex Xobeh.
 29357 | D:15     | Reached skill level 10 in Fighting
 29357 | D:15     | Reached skill level 10 in Short Blades
 29357 | D:15     | Reached skill level 10 in Long Blades
 29357 | D:15     | Reached skill level 10 in Axes
 29357 | D:15     | Reached skill level 10 in Maces & Flails
 29357 | D:15     | Reached skill level 10 in Polearms
 29357 | D:15     | Reached skill level 10 in Staves
 29357 | D:15     | Reached skill level 10 in Slings
 29357 | D:15     | Reached skill level 10 in Bows
 29357 | D:15     | Reached skill level 10 in Crossbows
 29357 | D:15     | Reached skill level 10 in Throwing
 29357 | D:15     | Reached skill level 10 in Armour
 29357 | D:15     | Reached skill level 10 in Shields
 29357 | D:15     | Reached skill level 10 in Unarmed Combat
 29357 | D:15     | Reached skill level 10 in Evocations
 29360 | D:15     | Found a staircase to the Depths.
 29524 | D:15     | Found an iron altar of Okawaru.
 29695 | D:15     | Found Iviraas's Armour Emporium.
 30483 | Orc:2    | Noticed Sonja
 30493 | Orc:1    | Mangled by an orc warlord

Illustrated notes

Levels and vault maps discovered:
D:1:      nzn_arrival_settlement, layout_loops_ring, serial_shops,
          nicolae_shop_trees
D:2:      layout_basic, ebering_ecumenical_altar_box, hex_medium,
          interstate_on_off
D:3:      layout_basic, mainiacjoe_overflow_six_doors_small,
          hangedman_ru_absence, ebering_ghost_sewer_d, uniq_natasha
D:4:      layout_cave_pools, grunt_temple_overflow_opulence,
          mainiacjoe_overflow_surrounded_room, mainiacjoe_overflow_tiny_flanked,
          temple_green
D:5:      layout_basic, nicolae_overflow_hidden_temple,
          lemuel_coloured_pillars_altar, overflow_temple_1_default,
          mainiacjoe_overflow_catch_the_wave, uniq_grinder, uniq_pikel
D:6:      layout_layer_cave, kennysheep_generic_room_14, uniq_sigmund,
          uniq_crazy_yiuf_cottage
D:7:      layout_gridville, uniq_duvessa, uniq_joseph, uniq_menkaure
D:8:      layout_layer_cave, nicolae_wu_jian_wuxing_cycle,
          minmay_lair_entry_grove, grunt_ministairs_13
D:9:      layout_big_octagon, david_orc_5, ebering_ghost_reflecting_pool,
          minmay_gold_behind_fungi
D:10:     layout_long_grid, kennysheep_mini, enter_bailey_3
D:11:     layout_roguey [special_room_kobold], bh_walls_and_bars
D:12:     layout_cave_pods, enter_trove_2, minmay_guarded_unrand_vampires_tooth,
          uniq_gastronok, uniq_nergalle
D:13:     minmay_the_grid_square_5x5_5x5_mashed
          [minmay_the_grid_square_5x5_two_walls_b,
          minmay_the_grid_square_5x5_seven, minmay_the_grid_square_5x5_moneybag,
          minmay_the_grid_square_5x5_three_small,
          minmay_the_grid_square_5x5_three, minmay_the_grid_square_5x5_one_wall,
          minmay_the_grid_square_5x5_prize_snowflake,
          minmay_the_grid_square_5x5_checkered_statues,
          minmay_the_grid_square_5x5_prize_rear_guard,
          minmay_the_grid_square_5x5_z, minmay_the_grid_square_5x5_pentomino_r,
          minmay_the_grid_square_5x5_forky,
          minmay_the_grid_square_5x5_prize_itemx,
          minmay_the_grid_square_5x5_almost_minimal,
          minmay_the_grid_square_5x5_v, minmay_the_grid_square_5x5_six_small,
          minmay_the_grid_square_5x5_prize_pseudospiral,
          minmay_the_grid_square_5x5_percent,
          minmay_the_grid_square_5x5_prize_open,
          minmay_the_grid_square_5x5_detours,
          minmay_the_grid_square_5x5_spiral_small,
          minmay_the_grid_square_5x5_half_checkered,
          minmay_the_grid_square_5x5_bite, minmay_the_grid_square_5x5_inner_i,
          minmay_the_grid_square_5x5_c], layout_grid_maze
D:14:     gammafunk_jiyva_shrine, layout_loops_corners, david_vaults_4,
          grunt_gozag_statues, minmay_unpleasant_kobolds
D:15:     grunt_enter_depths_snipers, layout_stronghold,
          okawaru_ov_weapons_minmay, serial_shops, shop,
          nemelex_diamond_rough_becter
Temple:   corrupted_temple
Lair:1:   layout_cellular_growth, grunt_megastairs_2
Lair:2:   layout_regular_city, minmay_shoals_entry_hut,
          nicolae_spider_entry_tight_spaces, lemuel_fruit_fields
Lair:3:   layout_regular_city, nicolae_lair_grove_arrangements,
          roderic_carrion_pond
Lair:4:   layout_concentric_octagons, gammafunk_ghost_split,
          beast_lair_carwin_8, lemuel_fruit_tree, infiniplex_staircase_pool
Lair:5:   layout_cave_pods
Lair:6:   minmay_lair_end_frog_pond, layout_cave_pods,
          nicolae_slime_entry_slimehenge, serial_bayou_lake_a
Orc:1:    layout_caves
Orc:2:    grunt_orc_gardens, layout_diamond_mine, grunt_orc_garden,
          grunt_orc_garden, grunt_orc_garden, grunt_orc_garden,
          gauntlet_entry_generic, uniq_urug, uniq_sonja

Skill      XL: |  1  2  3  4  5  6  7  8  9 10 11 12 13 14 15 |
---------------+----------------------------------------------+-----
Spellcasting   | 5 6 7 8 9 10 11 | 11.3
Invocations    | 1 2 3 4 5 6 7 8 9 10 11 | 11.1
Fighting       | 1 2 3 4 5 6 7 8 9 10 | 10.2
Short Blades   | 1 2 3 4 5 6 7 8 9 10 | 10.2
Long Blades    | 1 2 3 4 5 6 7 8 9 10 | 10.2
Axes           | 1 2 3 4 5 6 7 8 9 10 | 10.2
Maces & Flails | 1 2 3 4 5 6 7 8 9 10 | 10.2
Polearms       | 1 2 3 4 5 6 7 8 9 10 | 10.2
Staves         | 1 2 3 4 5 6 7 8 9 10 | 10.2
Slings         | 1 2 3 4 5 6 7 8 9 10 | 10.2
Bows           | 1 2 3 4 5 6 7 8 9 10 | 10.2
Crossbows      | 1 2 3 4 5 6 7 8 9 10 | 10.2
Throwing       | 1 2 3 4 5 6 7 8 9 10 | 10.2
Armour         | 1 2 3 4 5 6 7 8 9 10 | 10.2
Shields        | 1 2 3 4 5 6 7 8 9 10 | 10.2
Unarmed Combat | 1 2 3 4 5 6 7 8 9 10 | 10.2
Evocations     | 1 2 3 4 5 6 7 8 9 10 | 10.2
Conjurations   | 1 2 3 4 5 6 7 8 |  8.5
Hexes          | 1 2 3 4 5 6 7 8 |  8.5
Summonings     | 1 2 3 4 5 6 7 8 |  8.5
Necromancy     | 1 2 3 4 5 6 7 8 |  8.5
Translocations | 1 2 3 4 5 6 7 8 |  8.5
Transmutations | 1 2 3 4 5 6 7 8 |  8.5
Fire Magic     | 1 2 3 4 5 6 7 8 |  8.5
Air Magic      | 1 2 3 4 5 6 7 8 |  8.5
Earth Magic    | 1 2 3 4 5 6 7 8 |  8.5
Poison Magic   | 1 2 3 4 5 6 7 8 |  8.5
Dodging        | 5 6 7 8 9 10 11 | 11.2
Stealth        | 5 6 7 8 9 10 11 | 11.0
Ice Magic      | 8 9 10 11 | 11.1

Action                   |  1- 3 |  4- 6 |  7- 9 | 10-12 | 13-15 || total
-------------------------+-------+-------+-------+-------+-------++-------
Melee: Unarmed           |    12 |    41 |    38 |       |       ||    91
       Bite              |     1 |     8 |    20 |    34 |    54 ||   117
       Punch             |       |     1 |     5 |    15 |    16 ||    37
       Mace              |       |       |    41 |       |       ||    41
       Long sword        |       |       |    93 |   222 |   415 ||   730
 Cast: Freeze            |    48 |    66 |    65 |   169 |    44 ||   392
       Frozen Ramparts   |     4 |    14 |    18 |    46 |    28 ||   110
       Ozocubu's Armour  |       |     4 |    13 |    12 |    21 ||    50
       Hailstorm         |       |     5 |    20 |    49 |     5 ||    79
       Summon Forest     |       |       |     1 |     5 |    28 ||    34
       Summon Mana Viper |       |       |       |     4 |    50 ||    54
       Summon Cactus Gia |       |       |       |     9 |    73 ||    82
       Dispel Undead     |       |       |       |       |     5 ||     5
       Eringya's Noxious |       |       |       |       |     1 ||     1
Invok: Curse Item        |       |       |     1 |     5 |     2 ||     8
       Shatter the Chain |       |       |       |       |     1 ||     1
  Use: Potion            |       |       |     3 |     1 |     2 ||     6
       Scroll            |       |       |     2 |     1 |     1 ||     4
 Stab: Sleeping          |     1 |     1 |     1 |       |     8 ||    11
       Distracted        |       |       |       |     3 |    12 ||    15
Armor: Robe              |     4 |    25 |    64 |    81 |   113 ||   287
Dodge: Dodged            |    27 |    70 |   204 |   312 |   410 ||  1023
Block: Other             |       |       |       |    66 |     8 ||    74
       Reflection        |       |       |       |     7 |       ||     7
       Kite shield       |       |       |       |       |    55 ||    55

Table legend: (Time is in decaauts)
 A = Elapsed time spent in this place.
 B = Non-inter-level travel time spent in this place.
 C = Inter-level travel time spent in this place.
 D = Time resting spent in this place.
 E = Time spent auto-exploring this place.
 F = Levels seen in this place.
 G = Mean time per level.
                   A        B        C        D        E       F      G
               +--------+--------+--------+--------+--------+-----+--------+
         Total |  30483 |  29004 |   1479 |   6692 |  16505 |  25 | 1219.3 |
       Dungeon |  22660 |  21521 |   1139 |   4155 |  12843 |  15 | 1510.7 |
        Temple |     83 |     71 |     12 |      0 |     47 |   1 |   83.0 |
          Lair |   7281 |   6997 |    284 |   2380 |   3476 |   6 | 1213.5 |
  Orcish Mines |    440 |    397 |     43 |    157 |    138 |   2 |  220.0 |
        Bailey |     18 |     18 |      0 |      0 |      0 |   1 |   18.0 |
               +--------+--------+--------+--------+--------+-----+--------+

Top non-repeatable levels by time:
  Lair:2: 2853 daAuts
     D:6: 2668 daAuts
     D:7: 2157 daAuts
     D:8: 1953 daAuts
     D:2: 1730 daAuts
     D:5: 1669 daAuts
    D:12: 1585 daAuts
    D:13: 1568 daAuts
  Lair:1: 1552 daAuts
     D:4: 1450 daAuts
     D:3: 1325 daAuts
    D:10: 1287 daAuts
  Lair:5: 1231 daAuts
    D:15: 1192 daAuts
     D:1: 1082 daAuts
